 Dungeon Crawl Stone Soup version 0.23-a0-644-gb60d84b (webtiles) character file.

7492 Borgoz the Nimble (level 11, -3/92 HPs)
             Began as a Ghoul Gladiator on Jan 1, 2019.
             Was a Priest of Okawaru.
             Killed by divine providence
             ... invoked by an orc priest
              (15 damage)
             ... on level 9 of the Dungeon.
             The game lasted 00:18:29 (7913 turns).

Borgoz the Nimble (Ghoul Gladiator)                 Turns: 7913, Time: 00:18:29

Health: -3/92      AC: 16    Str: 21    XL:     11   Next: 16%
Magic:  17/17      EV: 17    Int:  3    God:    Okawaru [***...]
Gold:   314        SH:  0    Dex: 18    Spells: 20/20 levels left

rFire    . . .     SeeInvis .     - Unarmed
rCold    + + .     Gourm    .   (no shield)
rNeg     + + +     Faith    .   r - +5 ring mail
rPois    ∞         Spirit   .   b - +0 helmet
rElec    .         Reflect  .   (no cloak)
rCorr    .         Harm     .   (no gloves)
MR       .....     Rnd*Tele +   u - +2 pair of boots
Stlth    +.........             (no amulet)
HPRegen  0.00/turn              h - ring of teleportation (curse)
MPRegen  0.15/turn              g - ring of Fecedio {rPois rC+ Str+2 Dex+5}

@: rotting
A: rotting body, claws 1, carnivore, cold resistance 1, negative energy
resistance 3, inhibited regeneration, torment resistance, unbreathing
a: Heroism, Renounce Religion


You were on level 9 of the Dungeon.
You worshipped Okawaru.
Okawaru was most pleased with you.
You were not hungry.

You visited 2 branches of the dungeon, and saw 11 of its levels.

You collected 314 gold pieces.

Inventory:

Hand Weapons
 k - a +2 quarterstaff of chaos
 n - a +1 dagger of chaos
 x - a +1 whip of electrocution
Missiles
 c - 5 throwing nets (quivered)
Armour
 b - a +0 helmet (worn)
 r - a +5 ring mail (worn)
 u - a +2 pair of boots (worn)
Jewellery
 g - the ring of Fecedio (right claw) {rPois rC+ Str+2 Dex+5}
   (You found it on level 8 of the Dungeon)

   [ring of protection from cold]

   It affects your strength (+2).
   It affects your dexterity (+5).
   It protects you from cold.
   It protects you from poison.
 h - a cursed ring of teleportation (left claw)
 j - an uncursed ring of flight
 l - an uncursed ring of protection from cold
 s - an uncursed ring of protection from cold
Wands
 a - a wand of flame (1)
 y - a wand of digging (5)
Scrolls
 e - 2 scrolls of fog
 i - 6 scrolls of amnesia
 m - 4 scrolls of teleportation
 v - a scroll of enchant weapon
 w - a scroll of silence
Potions
 t - 4 potions of flight
Comestibles
 d - 24 rations


   Skills:
 + Level 7.3 Fighting
 - Level 1.7 Throwing
 * Level 8.2 Armour
 * Level 8.8 Dodging
 + Level 7.8 Unarmed Combat
 + Level 5.1 Spellcasting


You had 20 spell levels left.
You didn't know any spells.
Your spell library contained the following spells:

 Spells                   Type           Power        Failure   Level  Hunger
 Freeze                   Ice            #...         50%         1    ##.....
 Throw Frost              Conj/Ice       #.....       63%         2    ###....
 Ozocubu's Armour         Chrm/Ice       #.......     86%         3    ####...
 Summon Ice Beast         Ice/Summ       #.......     99%         4    #####..
 Throw Icicle             Conj/Ice       #.......     99%         4    #####..


Dungeon Overview and Level Annotations

Branches:
Dungeon (10/15)            Temple (1/1) D:4
   Lair: D:8-11         Orc: D:9-12

Altars:
Ashenzari
Cheibriados
Dithmenos
Elyvilon
Fedhas
Gozag
Kikubaaqudgha
Makhleb
Nemelex Xobeh
Okawaru
Qazlal
Ru
Sif Muna
Trog
Uskayaw
Vehumet
Wu Jian
Xom
Yredelemnul
Zin
The Shining One
Beogh

Shops:
D:4 %[

Annotations:
D:8 3 runed doors, Ereth's ghost, novice MfBe


Innate Abilities, Weirdness & Mutations

Your body is rotting away.
You thrive on raw meat.
You are immune to poison.
You have sharp fingernails.
You are carnivorous and can eat meat at any time.
Your flesh is cold resistant. (rC+)
You are immune to negative energy. (rN+++)
You do not regenerate when monsters are visible.
You are immune to unholy pain and torment.
You can survive without breathing.


Message History

An orc wizard comes into view. It is wielding a +0 dagger.
The orc wizard casts a spell.
The orc wizard seems to speed up.
Your surroundings seem slightly different.
The orc priest miscasts a cantrip.
The orc wizard gestures at you while chanting.
The puff of flame hits you!
* * * LOW HITPOINT WARNING * * *
The orc priest mumbles some strange prayers to Beogh against you.
Beogh smites you!
* * * LOW HITPOINT WARNING * * *
You feel better.
The orc priest mumbles some strange prayers to Beogh against you.
Beogh smites you!
* * * LOW HITPOINT WARNING * * *
The orc wizard casts a cantrip, but nothing happens.
You feel better.
The orc priest calls down the wrath of Beogh upon you.
Beogh smites you!
You die...

#.........# #..#
#.........# #..#
#.........## #..#
#..........# #..#
###........#.###..#
............_..#..#
.........o.#.#....#
.............###..#
...........oQ.o.@.#
.....(.....######.#
...........# #.#
...........# #.#
[..........# #.#
...........# #.#
....>..<...# #.#
.....####..# #.#
.....# #..# #.#


You could see a tengu warrior, 2 orc priests and an orc wizard.

Vanquished Creatures
  A hydra (D:8)
  Pikel (D:8)
  Psyche (D:8)
  A hornet (D:7)
  2 dream sheep (D:8)
  Sigmund (D:4)
  5 yaks
  A wyvern (D:9)
  Menkaure (D:4)
  Duvessa (D:6)
  An ice beast (D:5)
  4 sky beasts
  A phantom (D:6)
  6 ogres
  2 centaurs
  3 big kobolds (D:8)
  4 bullfrogs
  Dowan (D:6)
  6 scorpions
  11 killer bees
  5 wights (D:8)
  4 howler monkeys
  5 hounds
  2 centaur zombies
  Crazy Yiuf (D:4)
  4 jellies
  3 bullfrog skeletons
  7 orc wizards
  2 centaur skeletons
  A gnoll shaman (D:6)
  6 orc priests
  4 iguanas
  5 worker ants
  A hound skeleton (D:6)
  3 gnolls (D:6)
  10 adders
  2 shadow imps
  A worm (D:3)
  4 dart slugs
  4 leopard geckos
  35 orcs
  6 bats
  6 giant cockroaches
  8 goblins
  5 hobgoblins
  9 jackals
  5 kobolds
  3 quokkas
  2 ball pythons (D:4)
  5 frilled lizards
  A quokka skeleton (D:6)
  8 rats
221 creatures vanquished.

Notes
Turn   | Place    | Note
-------+----------+-------------------------------------------
     0 | D:1      | Borgoz the Ghoul Gladiator began the quest for the Orb.
     0 | D:1      | Reached XP level 1. HP: 17/17 MP: 0/0
    85 | D:1      | Reached XP level 2. HP: 23/25 MP: 1/1
   237 | D:1      | Reached skill level 1 in Armour
   287 | D:1      | Reached XP level 3. HP: 29/30 MP: 2/2
   768 | D:2      | Reached XP level 4. HP: 23/36 MP: 2/4
  1325 | D:3      | Reached skill level 1 in Spellcasting
  1515 | D:3      | Found a blossoming altar of Fedhas.
  1705 | D:3      | Reached XP level 5. HP: 42/44 MP: 5/5
  2204 | D:4      | Noticed Sigmund
  2204 | D:4      | Noticed an ogre
  2324 | D:4      | Reached XP level 6. HP: 43/51 MP: 5/7
  2426 | D:4      | Killed Sigmund
  2426 | D:4      | Reached XP level 7. HP: 42/57 MP: 8/8
  2466 | D:4      | Found Kodd's Armour Boutique.
  2512 | D:4      | Noticed Menkaure
  2522 | D:4      | Killed Menkaure
  2574 | D:4      | Found Diott's Food Shop.
  2680 | D:4      | Found a staircase to the Ecumenical Temple.
  2825 | D:4      | Found a runed door.
  3087 | D:4      | Noticed Crazy Yiuf
  3091 | D:4      | Killed Crazy Yiuf
  3091 | D:4      | Reached skill level 5 in Dodging
  3118 | D:5      | Entered Level 5 of the Dungeon
  3137 | D:5      | Reached XP level 8. HP: 62/66 MP: 10/10
  3360 | D:5      | Reached skill level 5 in Unarmed Combat
  3453 | D:5      | Found a shimmering altar of Xom.
  4059 | D:6      | Reached skill level 5 in Armour
  4198 | D:6      | Found a sacrificial altar of Ru.
  4292 | D:6      | Reached skill level 5 in Fighting
  4292 | D:6      | Reached XP level 9. HP: 53/74 MP: 12/12
  4579 | D:6      | Noticed Duvessa
  4579 | D:6      | Noticed Dowan
  4592 | D:6      | Killed Duvessa
  4596 | D:6      | Killed Dowan
  4797 | Temple   | Entered the Ecumenical Temple
  4831 | Temple   | Became a worshipper of Warmaster Okawaru
  5030 | D:7      | Found a burning altar of Makhleb.
  5168 | D:8      | Got a twitching steel ring
  5252 | D:7      | Found a glowing silver altar of Zin.
  5255 | D:7      | Found a white marble altar of Elyvilon.
  5533 | D:7      | Noticed a hornet
  5553 | D:7      | Killed a hornet
  5651 | D:7      | Identified the ring of Fecedio {rPois rC+ Str+2 Dex+5} (You
                  | found it on level 8 of the Dungeon)
  5905 | D:8      | Reached * piety under Okawaru
  5932 | D:8      | Reached XP level 10. HP: 76/83 MP: 15/15
  6060 | D:8      | Reached ** piety under Okawaru
  6098 | D:8      | Noticed a three-headed hydra
  6105 | D:8      | Killed a three-headed hydra
  6155 | D:8      | Found a runed gate.
  6155 | D:8      | Found a runed gate.
  6155 | D:8      | Found a runed gate.
  6159 | D:8      | Noticed Ereth's ghost (novice MfBe)
  6174 | D:8      | Identified the cursed +1 halberd of Repitu {venom, +Rage
                  | rF++ Str-2 Dex+4}
  6261 | D:8      | Noticed Psyche
  6269 | D:8      | Killed Psyche
  6345 | D:8      | Noticed Pikel
  6362 | D:8      | Killed Pikel
  6362 | D:8      | Reached *** piety under Okawaru
  6444 | D:8      | Found a roughly hewn altar of Beogh.
  6602 | D:9      | Reached skill level 5 in Spellcasting
  6648 | D:9      | Reached XP level 11. HP: 86/92 MP: 17/17
  6657 | D:9      | Reached **** piety under Okawaru
  6720 | D:9      | Found a blossoming altar of Fedhas.
  7127 | D:10     | Entered Level 10 of the Dungeon
  7185 | D:10     | Noticed a tengu warrior
  7910 | D:9      | HP: 2/92 [orc priest/divine providence (14)]
  7913 | D:9      | Killed from afar by an orc priest

Vault maps used:
D:1:      ebering_trefoil_3fold
D:2:      first_ration
D:3:      fedhas_altar_4
D:4:      nicolae_overflow_hidden_temple, temple_doors_e, serial_shops,
          shop_fountains, shop_fountains, uniq_menkaure,
          uniq_crazy_yiuf_cottage, uniq_sigmund
D:5:      lemuel_crystal_altar, nicolae_zen_rock_garden
D:6:      marbit_many_paths, uniq_duvessa
D:7:      bloody_makhleb, minitemple
D:8:      biasface_ghost_orc_armoury, hangedman_ranch, uniq_psyche, uniq_pikel
D:9:      lemuel_crystal_altar
D:10:     gammafunk_ghost_hydra_chop
Temple:   regret_index_temple_waves

Skill      XL: |  1  2  3  4  5  6  7  8  9 10 11 |
---------------+----------------------------------+-----
Dodging        | 3 4 5 6 7 8 |  8.8
Armour         | 1 2 3 4 5 6 7 8 |  8.2
Spellcasting   | 1 2 3 4 5 |  5.1
Fighting       | 3 4 5 6 7 |  7.3
Unarmed Combat | 4 5 6 7 |  7.8
Throwing       | |  1.7

Action                   |  1- 3 |  4- 6 |  7- 9 | 10-12 || total
-------------------------+-------+-------+-------+-------++-------
Melee: Unarmed           |   117 |   161 |   406 |   368 ||  1052
       Punch             |     3 |     2 |    19 |    12 ||    36
Invok: Heroism           |       |       |       |     5 ||     5
Evoke: Wand              |       |       |    13 |       ||    13
  Use: Scroll            |       |     9 |     5 |     4 ||    18
       Potion            |       |       |     3 |     4 ||     7
  Eat: Chunk             |     3 |    11 |    29 |    40 ||    83
Armor: Leather armour    |    43 |    38 |       |       ||    81
       Ring mail         |       |    18 |   171 |   127 ||   316
Dodge: Dodged            |    69 |   117 |   278 |   359 ||   823

Table legend:
 A = Non-vault XP
 B = Vault XP
 C = Vault XP percentage of total XP
 D = Non-vault monster count
 E = Vault monster count
 F = Vault count percentage of total count
                 A         B        C        D         E       F
            +---------+---------+-------+---------+---------+-------
      Total |    6488 |    4216 |  39.4 |     187 |      34 |  15.4
            +---------+---------+-------+---------+---------+-------
        D:1 |      61 |       0 |   0.0 |      25 |       0 |   0.0
        D:2 |      83 |       0 |   0.0 |      18 |       0 |   0.0
        D:3 |      81 |       0 |   0.0 |      14 |       0 |   0.0
        D:4 |     500 |     419 |  45.6 |      16 |       3 |  15.8
        D:5 |     645 |       0 |   0.0 |      20 |       0 |   0.0
        D:6 |     621 |     221 |  26.2 |      12 |       3 |  20.0
        D:7 |     859 |       0 |   0.0 |      13 |       0 |   0.0
        D:8 |    1347 |    3258 |  70.7 |      27 |      10 |  27.0
        D:9 |    1695 |       0 |   0.0 |      26 |       0 |   0.0
       D:10 |     596 |     318 |  34.8 |      16 |      18 |  52.9
            +---------+---------+-------+---------+---------+-------
